 Dungeon Crawl Stone Soup version 0.25-a0-403-g49d089a364 (webtiles) character file.

Game seed: 3608421606478545713, levelgen mode: deterministic

53 Roikka the Skirmisher (level 3, -10/40 HPs)
             Began as an Ogre Berserker on Jan 9, 2020.
             Was a Believer of Trog.
             Mangled by Sigmund
             ... wielding a +0 scythe
              (12 damage)
             ... on level 2 of the Dungeon.
             The game lasted 00:03:10 (1226 turns).

Roikka the Skirmisher (Ogre Berserker)              Turns: 1226, Time: 00:03:11

Health: -10/40     AC:  3    Str: 23    XL:     3   Next: 87%
Magic:  3/3        EV: 10    Int:  8    God:    Trog [**....]
Gold:   60         SH:  0    Dex:  9    Spells: 2/2 levels left

rFire    . . .     SeeInvis .   a - +0 hand axe
rCold    . . .     Gourm    .   (no shield)
rNeg     . . .     Faith    .   b - +0 animal skin
rPois    +         Spirit   .   (helmet restricted)
rElec    .         Reflect  .   (no cloak)
rCorr    .         Harm     .   (gloves unavailable)
MR       +....                  (boots unavailable)
Stlth    +.........             (no amulet)
HPRegen  0.13/turn              (no ring)
MPRegen  0.08/turn              (no ring)

@: no status effects
A: large, unfitting armour, magic resistance 1, poison resistance, strong 1,
tough skin 1
a: Berserk, Trog's Hand, Renounce Religion


You were on level 2 of the Dungeon.
You worshipped Trog.
Trog was pleased with you.
You were not hungry.

You visited 1 branch of the dungeon, and saw 2 of its levels.

You collected 60 gold pieces.

Inventory:

Hand Weapons
 a - a +0 hand axe (weapon)
Missiles
 f - 8 poisoned darts (quivered)
Armour
 b - a +0 animal skin (worn)
Scrolls
 d - a scroll of fear {unknown}
 h - a scroll of identify {unknown}
Potions
 e - a potion of haste {unknown}
Comestibles
 c - 4 rations
 g - 5 chunks of flesh


   Skills:
 + Level 4.7 Fighting
 * Level 4.2 Axes
 - Level 2.6 Dodging


You had 2 spell levels left.
You didn't know any spells.
Your spell library was empty.

Dungeon Overview and Level Annotations

Branches:
Dungeon (2/15)

Altars:

Annotations:
D:2 Sigmund


Innate Abilities, Weirdness & Mutations

You are too large for most types of armour.
You have tough skin. (AC +1)
You are resistant to hostile enchantments. (MR+)
Your system is resistant to poisons. (rPois)
Your muscles are strong. (Str +2)


Message History

Sigmund hits you with a +0 scythe!
* * * LOW HITPOINT WARNING * * *
You barely miss Sigmund.
Sigmund is lightly wounded.
You hit Sigmund.
Sigmund is moderately wounded.
Sigmund hits you with a +0 scythe.
* * * LOW HITPOINT WARNING * * *
You hit Sigmund.
Sigmund is heavily wounded.
Sigmund hits you with a +0 scythe.
* * * LOW HITPOINT WARNING * * *
It was a potion of mutation.
You feel extremely strange.
You feel resistant to poisons.
You feel stronger.
You feel resistant to hostile enchantments.
You hit Sigmund but do no damage.
Sigmund is heavily wounded.
Sigmund closely misses you.
Sigmund hits you from afar with a +0 scythe!
You die...

....# .# '#..###.#
......#.# . ......#.# #
.. ......#.##.#...
.##.........(
.###.##.##.# ...........#
########### ....#.#.####
#.@.@(...(.
....#...####.##.###......
....##.......##.# ...(.
....##..#######.### ....
....##..##........# ...
.....รท............# ..
....##.>##........# .
....###.########### .##.#
#.#


You could see Sigmund.

Vanquished Creatures
  An adder (D:2)
  A dart slug (D:2)
  2 leopard geckos (D:2)
  3 bats (D:1)
  3 giant cockroaches
  8 hobgoblins
  3 kobolds
  A ball python (D:1)
  5 frilled lizards
  9 goblins
  A rat (D:2)
37 creatures vanquished.

Notes
Turn   | Place    | Note
-------+----------+-------------------------------------------
     0 | D:1      | Roikka the Ogre Berserker began the quest for the Orb.
     0 | D:1      | Reached XP level 1. HP: 24/24 MP: 1/1
   134 | D:1      | Reached XP level 2. HP: 30/32 MP: 2/2
   688 | D:2      | Reached XP level 3. HP: 34/40 MP: 3/3
  1022 | D:2      | Reached ** piety under Trog
  1212 | D:2      | Noticed Sigmund
  1223 | D:2      | HP: 1/40 [Sigmund/+0 scythe (3)]
  1224 | D:2      | Gained mutation: Your system is resistant to poisons.
                  | (rPois) [potion of mutation]
  1224 | D:2      | Gained mutation: Your muscles are strong. (Str +2) [potion
                  | of mutation]
  1224 | D:2      | Gained mutation: You are resistant to hostile enchantments.
                  | (MR+) [potion of mutation]
  1226 | D:2      | Mangled by Sigmund

Levels and vault maps discovered:
D:1:      nzn_arrival_crosshair, layout_loops_ring,
          chequers_serial_rivers_micro_e
D:2:      minmay_thinvault, layout_basic, minmay_split_cup_large, uniq_robin,
          uniq_sigmund, uniq_terence

Skill      XL: |  1  2  3 |
---------------+----------+-----
Axes           | 4 |  4.2
Fighting       | |  4.7
Dodging        | |  2.6

Action                   || total
-------------------------++-------
Melee: Hand axe          ||   144
Throw: Dart              ||     7
  Use: Potion            ||     2
  Eat: Chunk             ||     1
Armor: Animal skin       ||    39
       Skin              ||    25
Dodge: Dodged            ||    69

Table legend:
 A = Non-vault XP
 B = Vault XP
 C = Vault XP percentage of total XP
 D = Non-vault monster count
 E = Vault monster count
 F = Vault count percentage of total count
                 A         B        C        D         E       F
            +---------+---------+-------+---------+---------+-------
      Total |      43 |      33 |  43.4 |      25 |      12 |  32.4
            +---------+---------+-------+---------+---------+-------
        D:1 |      23 |       0 |   0.0 |      15 |       0 |   0.0
        D:2 |      20 |      33 |  62.3 |      10 |      12 |  54.5
            +---------+---------+-------+---------+---------+-------
